 Dungeon Crawl Stone Soup version 0.25-a0-502-g6516661a7a (webtiles) character file.

Game seed: 9331635937417201984, levelgen mode: deterministic

96 sking99 the Ruffian (level 4, -2/37 HPs)
             Began as a Draconian Transmuter on Feb 12, 2020.
             Killed from afar by an orc wizard (9 damage)
             ... with a magic dart
             ... on level 2 of the Dungeon.
             The game lasted 00:04:44 (1799 turns).

sking99 the Ruffian (Draconian Transmuter)          Turns: 1799, Time: 00:04:45

Health: -2/37      AC:  6    Str: 12    XL:     4   Next: 41%
Magic:  5/7        EV: 12    Int: 15    God:
Gold:   52         SH:  0    Dex: 11    Spells: 4/7 levels left

rFire    . . .     SeeInvis .     - Unarmed
rCold    . . .     Gourm    .   (no shield)
rNeg     . . .     Faith    .   (armour unavailable)
rPois    .         Spirit   .   (helmet restricted)
rElec    .         Reflect  .   (no cloak)
rCorr    .         Harm     .   (no gloves)
MR       .....                  f - +0 pair of boots
Stlth    +.........             (no amulet)
HPRegen  0.12/turn              (no ring)
MPRegen  0.10/turn              (no ring)

@: no status effects
A: unfitting armour, cold-blooded, AC +5
a: no special abilities


You were on level 2 of the Dungeon.
You were not hungry.

You visited 1 branch of the dungeon, and saw 2 of its levels.

You collected 52 gold pieces.

Inventory:

Missiles
 a - 24 arrows
Armour
 f - a +0 pair of boots (worn)
Jewellery
 h - a cursed +4 ring of protection {unknown}
 m - an uncursed amulet of regeneration {unknown}
Scrolls
 d - a scroll of identify {unknown}
 e - a scroll of immolation {unknown}
 g - a scroll of remove curse {unknown}
 i - a scroll of teleportation {unknown}
 k - a scroll of magic mapping {unknown}
 l - a scroll of enchant armour {unknown}
 n - a scroll of noise {unknown}
Potions
 b - 2 potions of curing {unknown}
 j - a potion of degeneration {unknown}
Comestibles
 c - 2 rations


   Skills:
 + Level 2.5 Fighting
 - Level 2.3 Dodging
 + Level 4.1 Unarmed Combat
 - Level 2.0 Spellcasting
 * Level 2.5 Transmutations


You had 4 spell levels left.
You knew the following spells:

 Your Spells              Type           Power        Failure   Level  Hunger
a - Beastly Appendage     Tmut           #.....       8%          1    #......
b - Sticks to Snakes      Tmut           #.......     12%         2    ###....

Your spell library contained the following spells:

 Spells                   Type           Power        Failure   Level  Hunger
 Spider Form              Tmut/Pois      #.........   36%         3    ###....
 Ice Form                 Ice/Tmut       #.......     78%         4    #####..
 Blade Hands              Tmut           #.........   91%         5    ######.


Dungeon Overview and Level Annotations

Branches:
Dungeon (2/15)

Altars:


Innate Abilities, Weirdness & Mutations

Your plain brown scales are hard. (AC +5)
You cannot fit into any form of body armour.
You are cold-blooded and may be slowed by cold attacks.


Message History

The orc wizard is severely wounded.
The orc wizard barely misses you.
Your ball python closely misses the orc.
Your ball python grabs the orc.
Your ball python constricts the orc.
The orc dies!
You barely miss the orc wizard.
The orc wizard is severely wounded.
Your ball python closely misses the orc wizard. x2
The orc wizard closely misses you.
You hit the orc wizard but do no damage.
The orc wizard is severely wounded.
Your ball python closely misses the orc wizard. x2
The orc wizard hits you but does no damage.
You miss the orc wizard.
Your tail-slap misses the orc wizard.
The orc wizard is severely wounded.
Your ball python bites the orc wizard.
Your ball python closely misses the orc wizard.
The orc wizard points at you and mumbles some strange words.
The magic dart hits you!
You die...

....# #.# .###.#
##.######.###.#..#
.......o)..^.....#
.....##..?..#..#.#
#....##.###.#..#.#
#(#.....# #...[..#
#.#.###.###.#..###
#.#.##........S####.#
.......##.....)o@...#
............#.#######
#.#.#####.###.#
#.)...........#
#########.....#
#.....## ♣....P≈#
#≈≈P≈≈≈♣# #P≈≈P≈♣P#


You could see an orc wizard and a friendly ball python.

Vanquished Creatures
  An iguana (D:2)
  2 adders
  A worm (D:2)
  4 leopard geckos (D:1)
  2 orcs (D:2)
  4 bats
  2 giant cockroaches (D:1)
  3 hobgoblins
  5 jackals (D:1)
  6 kobolds
  5 frilled lizards
  2 goblins (D:1)
  6 rats
43 creatures vanquished.

Vanquished Creatures (collateral kills)
  An orc (D:2)
1 creature vanquished.

Grand Total: 44 creatures vanquished

Notes
Turn   | Place    | Note
-------+----------+-------------------------------------------
     0 | D:1      | sking99 the Draconian Transmuter began the quest for the
                  | Orb.
     0 | D:1      | Reached XP level 1. HP: 16/16 MP: 3/3
   154 | D:1      | Reached XP level 2. HP: 19/23 MP: 5/5
   654 | D:1      | Reached XP level 3. HP: 29/29 MP: 6/6
  1337 | D:1      | Learned a level 2 spell: Sticks to Snakes
  1473 | D:2      | Reached skill level 4 in Unarmed Combat
  1473 | D:2      | Reached XP level 4. HP: 5/37 MP: 5/7
  1799 | D:2      | Killed from afar by an orc wizard

Levels and vault maps discovered:
D:1:      matt_arrival_refuge, layout_basic
D:2:      layout_loops_ring, chequers_temple_overflow_statue_of_worship,
          serial_bayou, serial_bayou_shore_b, serial_bayou_shore_b,
          serial_bayou_pond_a, serial_bayou_shore_b, serial_bayou_pond_b,
          serial_bayou_shore_b

Skill      XL: |  1  2  3 |
---------------+----------+-----
Dodging        | 2 |  2.3
Fighting       | 2 |  2.5
Unarmed Combat | 4 |  4.1
Spellcasting   | |  2.0
Transmutations | |  2.5

Action                   |  1- 3 |  4- 6 || total
-------------------------+-------+-------++-------
Melee: Unarmed           |   181 |    26 ||   207
       Tailslap          |    13 |     3 ||    16
       Headbutt          |     2 |       ||     2
       Punch             |     2 |       ||     2
 Cast: Beastly Appendage |     1 |       ||     1
       Sticks to Snakes  |       |     1 ||     1
  Eat: Chunk             |     2 |     1 ||     3
Armor: Skin              |    53 |     4 ||    57
Dodge: Dodged            |   100 |    12 ||   112

Table legend:
 A = Non-vault XP
 B = Vault XP
 C = Vault XP percentage of total XP
 D = Non-vault monster count
 E = Vault monster count
 F = Vault count percentage of total count
                 A         B        C        D         E       F
            +---------+---------+-------+---------+---------+-------
      Total |     114 |      24 |  17.4 |      38 |       6 |  13.6
            +---------+---------+-------+---------+---------+-------
        D:1 |      48 |      16 |  25.0 |      29 |       2 |   6.5
        D:2 |      66 |       8 |  10.8 |       9 |       4 |  30.8
            +---------+---------+-------+---------+---------+-------
